 Dungeon Crawl Stone Soup version 0.29-a0-732-g3d7fbe0af2 (webtiles) character file.

Game seed: 2709381703045856879

2 blackman the Sneak (level 1, 0/18 HPs)
             Began as a Human Delver on June 30, 2022.
             Hit by a boomerang thrown by an orc (2 damage)
             ... on level 6 of the Dungeon.
             The game lasted 00:00:47 (108 turns).

blackman the Sneak (Human Delver)                    Turns: 108, Time: 00:00:47

Health: 0/18       AC:  3    Str: 12    XL:     1   Next: 44%
Magic:  1/1        EV: 12    Int: 10    God:
Gold:   22         SH:  0    Dex: 14    Spells: 0/0 levels left

rFire   . . .      SeeInvis .   a - +0 hand axe
rCold   . . .      Faith    .   (no shield)
rNeg    . . .      Spirit   .   b - +0 leather armour
rPois   .          Reflect  .   (no helmet)
rElec   .          Harm     .   (no cloak)
rCorr   .          Rampage  .   (no gloves)
Will    .....                   (no boots)
Stlth   +++.......              (no amulet)
HPRegen 0.06/turn               (no ring)
MPRegen 0.07/turn               (no ring)

@: no status effects
A: no striking features
a: no special abilities


You were on level 6 of the Dungeon.
You visited 1 branch of the dungeon, and saw 2 of its levels.

You collected 22 gold pieces.

Inventory:

Hand Weapons
 a - a +0 hand axe (weapon)
 e - a +0 war axe
Armour
 b - a +0 leather armour (worn)
Jewellery
 h - a ring of protection from fire
Wands
 g - a wand of digging (3)
Scrolls
 c - a scroll of fog
 d - a scroll of magic mapping
Potions
 f - a potion of haste


   Skills:
 - Level 3.0 Fighting
 + Level 2.2 Axes
 - Level 2.0 Dodging
 - Level 5.0 Stealth


You couldn't memorise any spells.
You didn't know any spells.
Your spell library was empty.

Dungeon Overview and Level Annotations

Branches:
Dungeon (6/15)
 Temple: D:4-7

Altars:

Annotations:
D:6 Menkaure


Message History

You kill the dart slug!
HP restored.
Found a stone staircase leading down.
The gnoll shouts!
You hear a shout!
A gnoll shaman comes into view. It is wielding a +0 club.
The gnoll shouts!
A gnoll comes into view. It is wielding a +0 flail.
A gnoll comes into view. It is wielding a +0 spear.
A howler monkey comes into view.
There is a stone staircase leading down here.
The gnoll hits you from afar with a +0 spear!
The gnoll hits you but does no damage. The gnoll barely misses you. x2
You climb downwards.
The orc shouts!
Found 6 stones, a war axe and a robe.
There is a stone staircase leading up here.
Unknown command.
As you read the scroll of fear, it crumbles to dust.
You assume a fearsome visage.
The hound looks frightened!
The hound barks!
The orc looks frightened!
The orc shouts!
The orc looks frightened!
The orc shouts!
The orc looks frightened! x2
The orc shouts!
The gnoll looks frightened!
An orc comes into view. It is wielding a +0 hand axe.
A sky beast comes into view.
You see here a +0 war axe.
e - a +0 war axe The sky beast flickers out of sight!
Deactivating autopickup; reactivate with Ctrl-A.
Menkaure, Prince of Dust comes into view.
Something hits you but does no damage. Something hits you.
Something shocks you.
* * * LOW HITPOINT WARNING * * *
Found 12 gold pieces.
The orc throws a boomerang.
The boomerang hits you.
You die...

$### ## #..
.... ..##....
.o#. #..#..o.
...# #....o#
#..###....#
#.......[#
#.#....#..##+##
#..@......g..#
#...##........#
#.....#
#........#
#....#
#........#
...##
#........# ..
#..<.....# .
+........#
#.(......#
#........#


You could see a gnoll and 3 orcs.

Vanquished Creatures
  A dart slug (D:5)
1 creature vanquished.

Notes
Turn   | Place    | Note
-------+----------+-------------------------------------------
     0 | D:5      | blackman the Human Delver began the quest for the Orb.
     0 | D:5      | Reached XP level 1. HP: 18/18 MP: 1/1
    88 | D:5      | Noticed a gnoll shaman
    93 | D:5      | Noticed a howler monkey
   100 | D:6      | Noticed a hound
   103 | D:6      | Noticed a sky beast
   105 | D:6      | Noticed Menkaure
   108 | D:6      | Hit by a boomerang thrown by an orc

Illustrated notes

Levels and vault maps discovered:
D:5:      layout_cave_pools, nicolae_underground_beach
D:6:      hellmonk_destroyed_diamonds, layout_basic, nemelex_spade_bored_becter,
          hangedman_ru_absence, mainiacjoe_overflow_alcove_2,
          minmay_temple_entry_ruins, uniq_menkaure, uniq_eustachio, uniq_maggie

Action                   || total
-------------------------++-------
Melee: Hand axe          ||     5
  Use: Scroll            ||     1
 Stab: Sleeping          ||     1
Armor: Leather armour    ||     2
Dodge: Dodged            ||     5

Table legend: (Time is in decaauts)
 A = Elapsed time spent in this place.
 B = Non-inter-level travel time spent in this place.
 C = Inter-level travel time spent in this place.
 D = Time resting spent in this place.
 E = Time spent auto-exploring this place.
 F = Levels seen in this place.
 G = Mean time per level.
                   A        B        C        D        E       F      G
               +--------+--------+--------+--------+--------+-----+--------+
         Total |    108 |    108 |      0 |      0 |     61 |   2 |   54.0 |
       Dungeon |    108 |    108 |      0 |      0 |     61 |   2 |   54.0 |
               +--------+--------+--------+--------+--------+-----+--------+

Top non-repeatable levels by time:
     D:5: 101 daAuts
     D:6: 7 daAuts
